Meike, neutral female human Wizard }}}}}}}}}}} ; }}}}}}}}}} ; ------}}}}}}}}} |....|}}}}}}}}} |...`|.}}}}}}} & u& |....|.}}}}}}- |....|.}}}}}}| } |....|.}}}}}}| .-- ; ; q |.%..|.}}}}}}} ..J@ .} ; A |..<.|.}}}}}}-.%.. }}}---- h |.%..|.}}}}}}}}}--- }}}}}}... ; SS @ |....|.}}}}}}}}}}}}}}}}}}| q h |...*|.}}}}}}..}}}}}}}}}}--- |...}|...}}}.}}}}}}...}}}}}| T |...}-^..}}.}}}}}}}}}}}}}}}| |...}|...}}}}}}}..}}}}}}---- ; |....|}}}}}....}}}}..}}.| H ------}}}}}}}}}}}}}}}}}}- }}}}}}}}}}}}}}}}}}}}} ; }}}}}}}}}}}}}}}}}}}}}}}}}}}} Meike the Magician Experience level: 13 Strength: 18/28 Dexterity: 18 Constitution: 18 Intelligence: 18 Wisdom: 18 Charisma: 15 Health: 0(116) Energy: 144(144) Def: 19 Gold: 0 Moves: 37008 Dungeon seed: LCYxYJkAUK-3GcPo Game ID: Meike_1576848331 Your Inventory: Amulets P - an uncursed amulet of reflection (being worn) Weapons a - a blessed +1 quarterstaff j - the rustproof +5 Fire Brand (alternate weapon; not wielded) p - the rustproof +0 Magicbane Armor e - an uncursed very rotted +1 cloak of magic resistance (being worn) q - an uncursed +0 pair of water walking boots (being worn) r - an uncursed +0 Hawaiian shirt (being worn) R - a blessed +2 elven leather helm (being worn) T - an uncursed very burnt +0 pair of leather gloves (being worn) Y - a blessed +2 silver dragon scale mail (being worn) Comestibles Q - an uncursed lizard corpse U - an uncursed food ration Rings s - an uncursed ring of protection from shape changers (on left hand) z - an uncursed ring of stealth (on right hand) Wands b - a wand of fire (0:3) c - a wand of lightning (0:4) f - a wand of cancellation (0:8) o - a wand of death (0:2) t - a wand of striking (0:6) w - a wand of digging (0:4) x - a wand of teleportation (0:7) y - a wand of digging (0:7) A - a wand of digging (0:7) B - a wand of make invisible (0:3) C - a wand of create monster (0:11) D - a wand of lightning (0:2) F - a fireproof wand of sleep (0:5) I - a wand of fire (0:5) J - a wand of lightning (0:2) L - a wand of striking (0:6) O - a wand of fire (0:6) Z - a wand of light (0:11) Tools n - an uncursed skeleton key u - a +0 unicorn horn v - an uncursed sack K - a blessed magic lamp (lit) M - an uncursed towel (being worn) W - an uncursed mirror Gems N - an uncursed luckstone Contents of the sack: 3479 gold pieces an uncursed +0 elven cloak an uncursed +0 pair of elven boots 2 uncursed lizard corpses an uncursed scroll of amnesia a blessed scroll of blank paper 5 uncursed scrolls of blank paper an uncursed scroll of charging 3 blessed scrolls of create monster 3 uncursed scrolls of create monster 2 uncursed scrolls of destroy armor 2 uncursed scrolls of earth 2 uncursed scrolls of enchant armor a blessed scroll of fire an uncursed scroll of food detection an uncursed scroll of gold detection 3 blessed scrolls of identify 2 uncursed scrolls of magic mapping a blessed scroll of remove curse an uncursed scroll of remove curse a blessed scroll of scare monster a blessed scroll of stinking cloud an uncursed scroll of taming a blessed scroll of teleportation 3 uncursed scrolls of teleportation a blessed spellbook of force bolt an uncursed spellbook of magic missile an uncursed potion of confusion an uncursed potion of enlightenment 2 uncursed potions of extra healing 2 uncursed potions of fruit juice 3 uncursed potions of gain energy an uncursed potion of gain level a blessed potion of healing an uncursed potion of healing 4 potions of holy water a blessed potion of object detection 3 uncursed potions of object detection 3 uncursed potions of see invisible a blessed potion of speed 2 uncursed potions of speed an uncursed potion of water an uncursed -1 ring of adornment an uncursed ring of aggravate monster an uncursed ring of cold resistance an uncursed ring of conflict an uncursed ring of fire resistance an uncursed -1 ring of gain constitution an uncursed -2 ring of increase damage an uncursed ring of levitation an uncursed ring of polymorph control an uncursed ring of polymorph control an uncursed ring of regeneration an uncursed ring of see invisible an uncursed ring of shock resistance an uncursed ring of slow digestion an uncursed ring of stealth an uncursed ring of teleport control a can of grease (0:14) 7 blessed wax candles (0:400) 4 uncursed amber stones 2 uncursed amethyst stones an uncursed chrysoberyl stone 2 uncursed citrine stones 2 uncursed diamonds 3 uncursed emeralds 3 uncursed fluorite stones 2 uncursed obsidian stones 2 uncursed rubies 4 uncursed sapphires an uncursed topaz stone Spells and supernatural/magical abilities: Name Level Category Fail Memory a - force bolt 1 attack 0% 22% c - cause fear 3 enchantment 0% 95% d - dig 5 matter 100% 42% k - knock 1 matter 0% 44% l - light 1* divination 0% 0% m - magic missile 2* attack 0% 0% p - protection 1* clerical 0% 0% s - slow monster 2 enchantment 0% 19% x - extra healing 3* healing 62% 0% E - detect food 2 divination 0% 24% K - cure sickness 3 healing 62% 58% L - levitation 4 escape 91% 42% O - create monster 2 clerical 0% 65% R - restore ability 4 healing 91% 35% T - turn undead 6* clerical 100% 0% V - teleportitis -- ability ? -- W - pray for help -- divine ? -- Your skills at the end: Fighting Skills Weapon Skills dagger [Basic] long sword [Basic] quarterstaff [Expert] Spellcasting Skills attack spells [Skilled] enchantment spells [Basic] clerical spells [Basic] Final Attributes: You were piously aligned. You were fire resistant. You were cold resistant. You were sleep resistant. You were shock resistant. You were poison resistant. You were magic-protected. You saw invisible. You were telepathic. You were stealthy. You could teleport. You had teleport control. You could walk on water. You were protected. You were protected from shape changers. You were fast. You had reflection. You were extremely lucky. You had extra luck. Bad luck did not time out for you. Good luck did not time out for you. You are dead. Vanquished creatures: a titan a glass golem a red dragon a green dragon a baluchitherium a demilich a titanothere 2 trappers 3 guardian nagas 4 captains 3 nurses 2 lurkers above 2 Aleaxes 2 frost giants an ettin 3 golden nagas 2 black puddings 2 vampires a ghost 4 lieutenants 2 queen bees 4 giant mimics a zruty 4 fire giants 2 ogre kings 8 rock trolls a flesh golem a large mimic a wumpus 2 stalkers 2 fire elementals a water elemental a hill giant a black naga 3 giant zombies 6 elf-lords 9 sergeants a warg a winter wolf 6 small mimics 2 glass piercers 5 xans 2 ettin mummies an ogre lord 5 quantum mechanics 5 trolls 2 wood golems 2 electric eels 3 gelatinous cubes 6 pyrolisks 2 large dogs 2 freezing spheres a shocking sphere 3 large cats 3 tigers a gargoyle 2 dwarf kings 6 tengu a leocrotta 3 energy vortices 2 mountain centaurs 4 human mummies a red naga 3 pythons a cobra a wraith 2 ettin zombies 5 leather golems a Grey-elf 73 soldiers a succubus 4 chameleons 2 crocodiles 3 giant beetles 2 quivering blobs 3 cockatrices 9 wolves 3 winter wolf cubs 3 lynxes 6 panthers a gremlin 2 spotted jellies 8 leprechauns 2 orc-captains 3 iron piercers 2 mumakil 3 giant spiders 3 ice vortices 5 black lights 6 vampire bats 3 forest centaurs 10 gnome kings 3 orc mummies a dwarf mummy 2 ogres 3 brown puddings 7 rust monsters 6 owlbears 5 yetis 2 gold golems 2 Green-elves a piranha 9 giant eels 13 lizards 3 dogs 3 dingos 2 housecats 7 jaguars 4 dwarf lords 4 blue jellies 4 white unicorns 3 black unicorns 3 dust vortices 9 ravens 4 plains centaurs 3 snakes 3 apes 14 human zombies 5 rope golems 8 Woodland-elves 3 soldier ants 6 fire ants 19 bugbears 2 imps a quasit 9 wood nymphs 11 water nymphs a mountain nymph 10 Mordor orcs 8 Uruk-hai 4 orc shamans 11 rock piercers 6 rock moles 4 fog clouds 7 yellow lights a shrieker 10 violet fungi 20 gnome lords 11 gnomish wizards 3 kobold mummies 2 black naga hatchlings a guardian naga hatchling 7 gray oozes a barrow wight 6 elf zombies 4 ghouls 5 straw golems 7 paper golems a baby crocodile 17 giant ants 16 floating eyes 4 kittens 26 dwarves a homunculus 2 kobold lords 8 kobold shamans 44 hill orcs 28 rothes 6 rabid rats 4 centipedes 3 giant bats 2 monkeys 7 orc zombies 7 dwarf zombies 2 wererats 7 werejackals 11 iguanas 62 killer bees 4 acid blobs 6 coyotes 5 gas spores 7 hobbits 14 manes 5 large kobolds 15 hobgoblins 8 giant rats 4 cave spiders 4 brown molds 7 yellow molds 4 green molds 4 red molds 62 gnomes 9 garter snakes 3 gnome zombies 6 geckos 21 jackals 8 foxes 9 kobolds 8 goblins 7 sewer rats 21 grid bugs 6 bats 22 lichens 7 kobold zombies 17 newts 1193 creatures vanquished. Voluntary challenges: You had been an atheist until turn 6438. You used a wielded weapon 2067 times, starting on turn 75. You read items or engraved 166 times, starting on turn 2. You never genocided any monsters. You never polymorphed an object. You never changed form. You used 1 wish, starting on turn 7356. You did not wish for any artifacts. You split 2 puddings, starting on turn 32578. You never wrote Elbereth's name. You violated your moral code, losing 70 points of alignment, starting on turn 18849. Dungeon overview: The Dungeons of Doom: levels 1 to 26 Level 1 a long staircase Level 2 a fountain Level 3 a general store stairs to The Gnomish Mines Level 4 a jewelry store Level 5 many fountains Level 6 a general store, some fountains stairs to Sokoban Level 7 Level 8 Level 9 a sink Level 10 Level 11 portal to The Quest Level 12 a fountain Level 13 Level 14 some fountains Level 15 Level 16 some fountains Level 17 portal to Fort Ludios Level 18 a fountain Level 19 an altar to Thoth Level 20 a fountain Level 21 some fountains Level 22 Level 23 a fountain, some sinks Level 24 Level 25 a sink Level 26 <- You were here The Gnomish Mines: levels 4 to 11 Level 4 stairs to The Dungeons of Doom Level 5 Level 6 Level 7 many shops, a temple to Thoth, some fountains Level 8 Level 9 Level 10 Level 11 The Quest: Level 1 portal to The Dungeons of Doom Sokoban: levels 2 to 5 Level 2 Level 3 Level 4 Level 5 stairs to The Dungeons of Doom Fort Ludios: Level 1 portal to The Dungeons of Doom History has recorded: On T:1 you entered the Dungeons of Doom to retrieve the Amulet of Yendor! On T:370 you reached level 2 of The Dungeons of Doom. On T:608 you advanced to experience level 2. On T:735 you reached level 3 of The Dungeons of Doom. On T:1115 you advanced to experience level 3. On T:1556 you advanced to experience level 4. On T:2808 you reached level 4 of The Dungeons of Doom. On T:2972 you reached level 5 of The Dungeons of Doom. On T:3475 you advanced to experience level 5. On T:4710 you advanced to experience level 6. On T:4856 you reached level 1 of The Gnomish Mines. On T:5447 you reached level 2 of The Gnomish Mines. On T:5996 you reached level 3 of The Gnomish Mines. On T:6043 you advanced to experience level 7. On T:6309 you reached level 4 of The Gnomish Mines. On T:7249 you advanced to experience level 8. On T:7356 you wished for "a blessed +2 silver dragon scale mail". On T:8536 you received Magicbane from Thoth. On T:9988 you advanced to experience level 9. On T:10155 you reached level 5 of The Gnomish Mines. On T:10611 you reached level 6 of The Gnomish Mines. On T:11082 you reached level 7 of The Gnomish Mines. On T:11702 you reached level 8 of The Gnomish Mines. On T:15302 you reached level 6 of The Dungeons of Doom. On T:15524 you advanced to experience level 10. On T:17251 you reached level 4 of Sokoban. On T:17600 you reached level 3 of Sokoban. On T:18217 you reached level 2 of Sokoban. On T:18630 you reached level 1 of Sokoban. On T:20536 you reached level 7 of The Dungeons of Doom. On T:21177 you reached level 8 of The Dungeons of Doom. On T:21631 you reached level 9 of The Dungeons of Doom. On T:21951 you reached level 10 of The Dungeons of Doom. On T:22866 you reached level 11 of The Dungeons of Doom. On T:22952 you reached level 1 of The Quest. On T:23329 you reached level 12 of The Dungeons of Doom. On T:23742 you reached level 13 of The Dungeons of Doom. On T:26620 you advanced to experience level 11. On T:26867 you received Fire Brand from Thoth. On T:28404 you reached level 14 of The Dungeons of Doom. On T:28856 you reached level 15 of The Dungeons of Doom. On T:29474 you reached level 16 of The Dungeons of Doom. On T:30227 you reached level 17 of The Dungeons of Doom. On T:30710 you reached Fort Ludios. On T:30794 you advanced to experience level 12. On T:32169 you reached level 18 of The Dungeons of Doom. On T:32249 you advanced to experience level 13. On T:32439 you reached level 19 of The Dungeons of Doom. On T:33298 you received Mjollnir from Thoth. On T:33651 you reached level 20 of The Dungeons of Doom. On T:33992 you reached level 21 of The Dungeons of Doom. On T:34595 you reached level 22 of The Dungeons of Doom. On T:35177 you reached level 23 of The Dungeons of Doom. On T:36006 you reached level 24 of The Dungeons of Doom. On T:36472 you reached level 25 of The Dungeons of Doom. On T:36881 you reached level 26 of The Dungeons of Doom. Score breakdown: Gold: 3479 (12047 points) Experience: 13 levels (19298 points) Exploration: 26 levels ( 52.00%) (21428 points) Discoveries: 136 items ( 47.22%) (20615 points) Valuables value: (no points given unless you survive) Artifact value: 6500 (12970 points) Variety of kills: 195 monsters ( 51.18%) (21462 points) Turncount: 37008 turns (-4311 points) Survival: died (score multiplied by 80%) Total score: 82807 Latest messages: You are empty handed. j - the rustproof +5 Fire Brand (alternate weapon; not wielded). You begin bashing monsters with your gloved hands. You hit the red dragon. The jabberwock bites! (2x) The jabberwock hits! (2x) The red dragon bites! The red dragon hits! (2x) The red dragon bites! The red dragon hits! (2x) The death ray misses the jabberwock. The death ray misses the red dragon. The jabberwock bites! (2x) The jabberwock hits! (2x) The blast of fire hits the jabberwock! The blast of fire whizzes by you! You hear hissing gas. The death ray misses the jabberwock. You kill the red dragon! The jabberwock bites! You die... Final status: Goodbye Meike the Wizard, killed by a jabberwock... You died in The Dungeons of Doom on dungeon level 26 with 82807 points, and 3479 pieces of gold, after 37008 moves. You were level 13 with a maximum of 116 hit points when you died.